General information
- name: BNet
- type: Ladder team game (AT/RT)
- host: Battle.net
- saver: timg4strok
map: TranquilPaths
- players: 4
- length: 14:55
- speed: Fast
- version: 1.24 W3XP
- replay type:

» download(112 KB)
Players
team 1 (winner)
Mata. (
orange | 170 APM | 2538 actions | 14:55)
2 Archmage
1 Blizzard
1 Brilliance Aura
1 Mountain King
1 Storm Bolt
» actions
| Assign group hotkey | 290 | |
| Basic commands | 33 | |
| Build / train | 77 | |
| Enter build submenu | 27 | |
| Enter hero's abilities submenu | 4 | |
| Right click | 1369 | |
| Select / deselect | 498 | |
| Select group hotkey | 148 | |
| Use ability | 92 | |
2538 total
» units
| Peasant | 19 | |
| Footman | 11 | |
| Sorceress | 4 | |
| Priest | 2 | |
| Rifleman | 3 | |
| Mortar Team | 3 | |
| Spell Breaker | 2 | |
44 total
» upgrades
» buildings
| Altar of Kings | 1 | |
| Barracks | 1 | |
| Farm | 8 | |
| Scout Tower | 3 | |
| Arcane Tower | 10 | |
| Arcane Vault | 1 | |
| Keep | 1 | |
| Town Hall | 1 | |
| Arcane Sanctum | 2 | |
| Blacksmith | 1 | |
| Workshop | 1 | |
| Castle | 2 | |
| Lumber Mill | 2 | |
34 total
» build order
00:03 Altar of Kings
00:18 Barracks
00:32 Farm
01:03 Farm
01:41 Scout Tower
01:45 Farm
02:49 Arcane Tower
02:49 Arcane Tower
04:07 Arcane Vault
05:24 Keep
05:33 Farm
06:31 Town Hall
06:33 Scout Tower
06:34 Scout Tower
06:53 Arcane Tower
06:53 Arcane Tower
06:53 Arcane Tower
07:19 Arcane Tower
07:20 Arcane Tower
07:20 Arcane Tower
08:09 Arcane Sanctum
08:11 Arcane Sanctum
08:31 Blacksmith
09:48 Workshop
10:55 Castle
10:55 Castle
12:26 Farm
12:27 Farm
12:56 Farm
12:57 Farm
13:43 Lumber Mill
13:44 Lumber Mill
» items
| Scroll of Regeneration | 3 | |
| Scroll of Town Portal | 2 | |
| Lesser Clarity Potion | 1 | |
| Staff of Sanctuary | 1 | |
7 total

»
timg4strok (
purple | 134 APM | 2003 actions | 14:55)
5 Archmage
3 Summon Water Elemental
2 Brilliance Aura
2 Mountain King
1 Storm Bolt
1 Bash
» actions
| Assign group hotkey | 24 | |
| Basic commands | 91 | |
| Build / train | 51 | |
| Enter build submenu | 23 | |
| Enter hero's abilities submenu | 7 | |
| Give item / drop item | 2 | |
| Right click | 841 | |
| Select / deselect | 232 | |
| Select group hotkey | 661 | |
| Use ability | 71 | |
2003 total
» units
| Peasant | 11 | |
| Footman | 6 | |
| Spell Breaker | 6 | |
23 total
» upgrades
| Defend | 1 | |
| Control Magic | 1 | |
| Magic Sentry | 1 | |
| Masonry | 1 | |
| Swords | 1 | |
| Plating | 1 | |
6 total
» buildings
| Altar of Kings | 1 | |
| Barracks | 1 | |
| Farm | 8 | |
| Scout Tower | 6 | |
| Arcane Tower | 1 | |
| Arcane Vault | 1 | |
| Keep | 1 | |
| Lumber Mill | 1 | |
| Guard Tower | 1 | |
| Arcane Sanctum | 2 | |
| Castle | 1 | |
| Blacksmith | 1 | |
| Town Hall | 1 | |
26 total
» build order
00:06 Altar of Kings
00:15 Barracks
00:24 Farm
00:58 Farm
01:35 Farm
01:38 Scout Tower
02:16 Arcane Tower
02:18 Farm
03:11 Arcane Vault
03:53 Keep
04:31 Farm
05:12 Lumber Mill
05:45 Farm
05:48 Scout Tower
05:48 Scout Tower
06:57 Guard Tower
06:58 Arcane Sanctum
07:01 Arcane Sanctum
08:58 Castle
12:33 Blacksmith
12:54 Farm
12:54 Farm
13:58 Town Hall
14:01 Scout Tower
14:02 Scout Tower
14:02 Scout Tower
» items
| Boots of Speed | 1 | |
| Scroll of Regeneration | 4 | |
| Scroll of Town Portal | 1 | |
| Potion of Healing | 2 | |
8 total
team 2 (loser)
ERZ (
green | 133 APM | 1984 actions | 14:52)
3 Mountain King
2 Storm Bolt
1 Bash
» actions
| Assign group hotkey | 594 | |
| Basic commands | 104 | |
| Build / train | 46 | |
| ESC pressed | 3 | |
| Enter build submenu | 27 | |
| Enter hero's abilities submenu | 3 | |
| Remove unit from queue | 1 | |
| Right click | 633 | |
| Select / deselect | 252 | |
| Select group hotkey | 257 | |
| Use ability | 64 | |
1984 total
» units
| Peasant | 12 | |
| Footman | 10 | |
| Sorceress | 4 | |
| Priest | 3 | |
| Knight | 1 | |
30 total
» upgrades
» buildings
| Altar of Kings | 2 | |
| Barracks | 2 | |
| Farm | 7 | |
| Keep | 1 | |
| Arcane Vault | 1 | |
| Arcane Sanctum | 3 | |
| Scout Tower | 5 | |
| Arcane Tower | 1 | |
| Castle | 1 | |
| Lumber Mill | 1 | |
| Blacksmith | 2 | |
26 total
» build order
00:08 Altar of Kings
00:20 Barracks
00:34 Farm
01:04 Farm
01:33 Farm
03:04 Keep
04:06 Arcane Vault
04:09 Farm
04:09 Farm
05:41 Arcane Sanctum
05:42 Arcane Sanctum
06:57 Arcane Sanctum
07:10 Farm
07:12 Scout Tower
07:12 Scout Tower
07:17 Altar of Kings
07:44 Arcane Tower
09:23 Castle
12:35 Scout Tower
12:35 Scout Tower
12:36 Scout Tower
13:09 Lumber Mill
13:10 Blacksmith
13:29 Farm
13:34 Blacksmith
13:36 Barracks
» items
| Scroll of Regeneration | 1 | |
| Lesser Clarity Potion | 1 | |
| Potion of Healing | 2 | |
| Potion of Mana | 1 | |
| Scroll of Town Portal | 1 | |
6 total
fineX (
blue | 121 APM | 1801 actions | 14:54)
2 Blademaster
1 Wind Walk
1 Critical Strike
2 Shadow Hunter
1 Hex
1 Healing Wave
» actions
| Assign group hotkey | 97 | |
| Build / train | 44 | |
| Enter build submenu | 17 | |
| Enter hero's abilities submenu | 6 | |
| Right click | 1133 | |
| Select / deselect | 156 | |
| Select group hotkey | 271 | |
| Use ability | 77 | |
1801 total
» units
| Peon | 7 | |
| Grunt | 6 | |
| Raider | 5 | |
| Spirit Walker | 3 | |
21 total
» upgrades
| Ensnare | 1 | |
| Spirit Walker Training | 1 | |
| Berserker Strength | 1 | |
| Armor | 1 | |
4 total
» buildings
| Altar of Storms | 1 | |
| Orc Burrow | 6 | |
| Barracks | 1 | |
| Voodoo Lounge | 2 | |
| Stronghold | 1 | |
| Beastiary | 1 | |
| Spirit Lodge | 1 | |
| War Mill | 2 | |
| Fortress | 1 | |
16 total
» build order
00:05 Altar of Storms
00:08 Orc Burrow
00:37 Barracks
01:39 Orc Burrow
01:58 Voodoo Lounge
03:07 Stronghold
04:07 Orc Burrow
05:13 Orc Burrow
05:55 Beastiary
06:04 Spirit Lodge
06:12 War Mill
08:05 Voodoo Lounge
09:14 War Mill
11:36 Fortress
12:49 Orc Burrow
12:59 Orc Burrow
» items
| Healing Salve | 4 | |
| Lesser Clarity Potion | 3 | |
| Scroll of Town Portal | 1 | |
| Orb of Lightning | 1 | |
9 total
Chat log
(00:03 / All) ERZ: goonday
(00:04 / All) Mata.: gl hf
(00:08 / Allies) timg4strok: serious???
(00:13 / Allies) Mata.: ehhhh ok
(00:18 / Allies) timg4strok: yea got work
(00:18 / Allies) timg4strok: today
(00:29 / All) fineX: hi
(00:38 / All) fineX: gl hf
(01:14 / Allies) timg4strok: you wanna fexpo
(01:24 / Allies) Mata.: yes
(01:27 / Allies) timg4strok: ok i tech
(02:22 / Allies) Mata.: they were what, ud and ?
(02:27 / Allies) timg4strok: hu orc
(05:05 / Allies) timg4strok: gonna scout they expo
(05:09 / Allies) Mata.: they
(05:10 / Allies) Mata.: havent crept
(05:10 / Allies) Mata.: ffs!
(05:16 / Allies) timg4strok: well
(05:17 / Allies) timg4strok: i hit
(05:18 / Allies) timg4strok: then tp
(05:56 / Allies) timg4strok: sanctum
(06:02 / Allies) Mata.: no yoke
(06:16 / Allies) Mata.: i aint got shit ofc.
(07:09 / Allies) Mata.: i dun
(07:10 / Allies) Mata.: o
(08:22 / Allies) Mata.: what you got
(08:26 / Allies) Mata.: caswter
(09:17 / Allies) Mata.: ill tp
(09:31 / Allies) Mata.: nm walkien
(11:49 / Allies) Mata.: you scared me
(12:32 / Allies) Mata.: morts out
(12:44 / Allies) timg4strok: sweet
(12:51 / Allies) Mata.: gryphs soon
(13:35 / Allies) timg4strok: you got second hero?
(13:37 / Allies) timg4strok: get paladin mb
(13:40 / Allies) Mata.: yeah he dead
(13:50 / Allies) Mata.: third hero inc
(13:51 / Allies) timg4strok: lets kill some orc buildings
(14:53 / All) fineX: gg